 Dungeon Crawl Stone Soup version 0.32-a0-814-g0968bab981 (webtiles) character file.

Game seed: 13060580154915364924

674 Anon1729 the Fighter (level 7, 0/86 HPs)
             Began as a Naga Monk on Mar 22, 2024.
             Was a Believer of Cheibriados.
             Slain by an orc
             ... wielding a +0 short sword
              (4 damage)
             ... on level 4 of the Dungeon.
             The game lasted 00:30:22 (3589 turns).

Anon1729 the Fighter (Naga Monk)                    Turns: 3589, Time: 00:30:23

Health: 0/86       AC:  3    Str: 17    XL:     7   Next: 59%
Magic:  9/9        EV: 10    Int: 17    God:    Cheibriados [**....]
Gold:   189        SH:  0    Dex: 17    Spells: 5/9 levels left

rFire   . . .        a - +1 short sword
rCold   . . .        (no shield)
rNeg    . . .        b - +0 robe
rPois   +            (no helmet)
rElec   .            (no cloak)
rCorr   .            (no gloves)
SInv    +            (no barding)
Will    .....        (no amulet)
Stlth   +            (no ring)
HPRegen 0.34/turn    (no ring)
MPRegen 0.11/turn

%: no passive effects
@: confused, mighty, ambrosia-drunk, hasted, slow
A: AC +2, large, see invisible, deformed body, poison resistance, slowness 2,
spit poison 1, naga tail 1
a: Spit Poison, Renounce Religion, Bend Time


You were on level 4 of the Dungeon.
You worshipped Cheibriados.
Cheibriados was pleased with you.
You visited 2 branches of the dungeon, and saw 5 of its levels.

You collected 189 gold pieces.

Inventory:

Hand Weapons
 a - a +1 short sword (weapon)
 w - a +0 quarterstaff
Armour
 b - a +0 robe (worn)
 d - an orb of light
Magical Staves
 l - a staff of death
Wands
 t - a wand of flame (14)
Scrolls
 f - a scroll of immolation
 h - 3 scrolls of enchant weapon
 i - 2 scrolls of teleportation
 j - 2 scrolls of vulnerability {unknown}
 k - 2 scrolls of noise
 m - a scroll of fog {unknown}
 q - a scroll of blinking {unknown}
 u - a scroll of amnesia {unknown}
 v - a scroll of torment {unknown}
 x - a scroll of revelation {unknown}
Potions
 p - a potion of invisibility {unknown}
 r - a potion of heal wounds {unknown}
 s - a potion of enlightenment {unknown}


   Skills:
 + Level 13.0 Fighting
 + Level 3.9 Short Blades
 + Level 3.1 Dodging
 * Level 5.4 Stealth
 + Level 1.9 Spellcasting
 + Level 1.4 Translocations


You had 5 spell levels left.
You knew the following spells:

 Your Spells              Type           Power      Damage    Failure   Level
a - Blink                 Tloc           12%        N/A       16%         2
b - Momentum Strike       Conj/Tloc      8%         3d8       22%         2

Your spell library contained the following spells:

 Spells                   Type           Power      Damage    Failure   Level
 Lesser Beckoning         Tloc           12%        N/A       16%         2
 Kiss of Death            Conj/Necr      4%         2d5       21%         1
 Confusing Touch          Hex            1%         N/A       52%         3
 Animate Dead             Necr           1%         N/A       89%         4
 Dispel Undead            Necr           1%         3d6       89%         4
 Haunt                    Necr/Summ      0%         N/A       100%        7
 Infestation              Necr           0%         N/A       100%        8


Dungeon Overview and Level Annotations

Branches:
Dungeon (4/15)             Temple (1/1) D:4

Altars:
Ashenzari
Cheibriados
Elyvilon
Fedhas
Gozag
Hepliaklqana
Kikubaaqudgha
Makhleb
Qazlal
Sif Muna
Trog
Vehumet
Wu Jian
Xom
Yredelemnul
Zin
The Shining One

Shops:
D:2 (

Annotations:
D:4 exclusion: ogre


Innate Abilities, Weirdness & Mutations

Your serpentine skin is tough. (AC +2)
You have supernaturally acute eyesight. (SInv)
Armour fits poorly on your strangely shaped body.
Your system is resistant to poisons. (rPois)
You cover ground very slowly.
You can spit poison.
You have a snake-like lower body.


Message History

The splash of poison hits the ogre.
The ogre is lightly wounded.
The orc hits you with a +0 short sword. The ogre barely misses you.
The flow of time bends around you.
Cheibriados rebukes the orc.
The orc seems to slow down.
The ogre resists with some effort.
The orc closely misses you. The ogre barely misses you.
Okay, then.
Okay, then.
You are confused.
You feel invigorated. The orc hits you with a +0 short sword.
You completely miss the ogre.
The ogre is lightly wounded.
The ogre hits you with a +0 giant spiked club!
It was a potion of might.
You feel very mighty all of a sudden. The orc hits you with a +0 club.
The orc closely misses you.
Okay, then.
You are too confused!
You bump into the stone wall.
The ogre hits you with a +0 giant spiked club!!
* * * LOW HITPOINT WARNING * * *
The orc barely misses you. The orc hits you but does no damage.
Okay, then.
You are too confused!
Unknown command.
It was a potion of haste.
You feel yourself speed up.
Cheibriados forgives your accidental hurry, just this once.
You have got your breath back.
The ogre hits you with a +0 giant spiked club.
* * * LOW HITPOINT WARNING * * *
The orc barely misses you.
Okay, then.
It was a potion of experience.
You feel more experienced!
Your Fighting skill gained 10 levels and is now at level 13!
You have reached level 7!
The orc hits you with a +0 short sword.
You die...
Cheibriados appreciates the motionlessness of death.

#.#.. #...###.##
..###.##...##...#
.........####.ß.#
###.####.# #...#
#.....##.#####.###
.......#...#.....#
.......#.#.#.....#
..._.....#.#..>o.#
.......#.#.#...o@#
.......#.#.#...O.#
#.....##...###.###
###.####.####...#
.........# #.ß)#
...####### #...# #
#### ##)###.#####
#.....o.o..
########...


You could see an ogre and 2 orcs.

Vanquished Creatures
  A phantom (D:4)
  2 bombardier beetles (D:3)
  A jelly (D:4)
  A hound (D:3)
  An orc wizard (D:4)
  A gnoll (D:1)
  3 adders (D:2)
  2 dart slugs
  3 orcs
  5 bats
  10 endoplasms
  4 giant cockroaches
  3 goblins
  4 hobgoblins
  2 jackals (D:1)
  9 kobolds
  4 quokkas
  9 ball pythons
  6 frilled lizards
  5 rats
76 creatures vanquished.

Notes
Turn   | Place    | Note
-------+----------+-------------------------------------------
     0 | D:1      | Anon1729 the Naga Monk began the quest for the Orb.
     0 | D:1      | Reached XP level 1. HP: 21/21 MP: 1/1
   247 | D:1      | Reached skill level 1 in Stealth
   299 | D:1      | Reached XP level 2. HP: 17/28 MP: 2/2
   921 | D:1      | Reached XP level 3. HP: 34/34 MP: 2/4
  1338 | D:2      | Reached skill level 1 in Spellcasting
  1338 | D:2      | Reached XP level 4. HP: 42/42 MP: 5/5
  1464 | D:2      | Found Puudwoul's Antique Weapon Shop.
  1498 | D:2      | Learned a level 2 spell: Blink
  1501 | D:2      | Learned a level 2 spell: Momentum Strike
  1822 | D:3      | Found a stormy altar of Qazlal.
  1822 | D:3      | Found a blossoming altar of Fedhas.
  2311 | D:3      | Reached XP level 5. HP: 49/49 MP: 6/6
  2899 | D:3      | Reached skill level 1 in Translocations
  3032 | D:4      | Reached XP level 6. HP: 14/57 MP: 8/8
  3343 | D:4      | Found a glowing golden altar of the Shining One.
  3425 | D:4      | Reached skill level 5 in Stealth
  3512 | D:4      | Found a staircase to the Ecumenical Temple.
  3521 | Temple   | Entered the Ecumenical Temple
  3522 | Temple   | Upgraded the game from 0.32-a0-799-g95e1662365 to
                  | 0.32-a0-814-g0968bab981
  3540 | Temple   | Became a worshipper of Cheibriados the Contemplative
  3540 | Temple   | Reached * piety under Cheibriados
  3540 | Temple   | Reached ** piety under Cheibriados
  3587 | D:4      | HP: 2/57 [ogre/+0 giant spiked club (27)]
  3589 | D:4      | Reached skill level 13 in Fighting
  3589 | D:4      | Reached XP level 7. HP: 2/86 MP: 9/9
  3589 | D:4      | Slain by an orc

Illustrated notes

Levels and vault maps discovered:
D:1:      minmay_arrival_five_plusses, layout_loops_ring
D:2:      layout_basic, serial_shops, nicolae_shop_tiny_waterfront,
          minmay_misc_feat_secret_circle, hangedman_decor_riveting
D:3:      layout_basic, grunt_temple_overflow_forces_of_nature,
          hangedman_abyss_or_decor_stabs, chequers_serial_rivers_small_b,
          minmay_joined_circles
D:4:      layout_basic, old_standard_altar, minmay_temple_entry_antechambers
Temple:   eino_temple_lava

Skill      XL: |  1  2  3  4  5  6 |
---------------+-------------------+-----
Stealth        | 1 2 3 4 5 |  5.4
Spellcasting   | 1 |  1.9
Dodging        | 3 |  3.1
Translocations | 1 |  1.4
Fighting       | 13 | 13.0
Short Blades   | |  3.9

Action                     |  1- 3 |  4- 6 |  7- 9 || total
---------------------------+-------+-------+-------++-------
  Melee: Short sword       |   113 |   161 |       ||   274
   Cast: Momentum Strike   |       |     1 |       ||     1
 Invoke: Bend Time         |       |     1 |       ||     1
Ability: Spit Poison       |    10 |    22 |       ||    32
  Evoke: Wand              |       |     4 |       ||     4
    Use: Potion            |       |     5 |       ||     5
         Scroll            |       |     4 |       ||     4
   Stab: Sleeping          |     4 |     4 |       ||     8
 Armour: Robe              |    60 |   123 |     1 ||   184
  Dodge: Dodged            |    53 |    99 |       ||   152

Table legend: (Time is in decaauts)
 A = Elapsed time spent in this place.
 B = Non-inter-level travel time spent in this place.
 C = Inter-level travel time spent in this place.
 D = Time resting spent in this place.
 E = Time spent auto-exploring this place.
 F = Levels seen in this place.
 G = Mean time per level.
                   A        B        C        D        E       F      G
               +--------+--------+--------+--------+--------+-----+--------+
         Total |   4411 |   4245 |    166 |    786 |   2544 |   5 |  882.2 |
       Dungeon |   4365 |   4210 |    155 |    786 |   2544 |   4 | 1091.2 |
        Temple |     46 |     35 |     11 |      0 |      0 |   1 |   46.0 |
               +--------+--------+--------+--------+--------+-----+--------+

Top non-repeatable levels by time:
     D:3: 1507 daAuts
     D:1: 1241 daAuts
     D:2: 1135 daAuts
     D:4: 481 daAuts
  Temple: 46 daAuts
